 Dungeon Crawl Stone Soup version 0.27-a0-109-g416527ed24 (webtiles) character file.

Game seed: 6311983328320588654

14632 dickylongcocking the Transmogrifier (level 11, -7/148 HPs)
             Began as a Purple Draconian Transmuter on Jan 24, 2021.
             Was an Elder of Makhleb.
             Mangled by a red ugly thing (23 damage)
             ... on level 11 of the Dungeon.
             The game lasted 00:13:45 (16743 turns).

dickylongcocking the Transmogrifier (DrTm)         Turns: 16743, Time: 00:13:47

Health: -7/148     AC: 12    Str: 13    XL:     11   Next: 91%
Magic:  0/24       EV: 12    Int: 16    God:    Makhleb [****..]
Gold:   799        SH:  0    Dex: 18    Spells: 10/29 levels left

rFire    . . .     SeeInvis .     - Unarmed
rCold    . . .     Faith    .   (no shield)
rNeg     . . .     Spirit   +   (armour unavailable)
rPois    .         Reflect  .   (helmet restricted)
rElec    .         Harm     .   w - +2 cloak {rCorr}
rCorr    +         Rampage  .   c - +1 pair of gloves
Will     +....                  (no boots)
Stlth    ..........             m - amulet of guardian spirit
HPRegen  0.34/turn              q - ring of wizardry
MPRegen  0.19/turn              z - +6 ring of dexterity

@: berserking, very quick
A: breathe power, unfitting armour, cold-blooded, AC +7
a: Breathe Dispelling Energy, Renounce Religion, Minor Destruction, Lesser
Servant of Makhleb, Major Destruction


You were on level 11 of the Dungeon.
You worshipped Makhleb.
Makhleb was greatly pleased with you.
You visited 2 branches of the dungeon, and saw 12 of its levels.

You collected 799 gold pieces.

Inventory:

Armour
 c - a +1 pair of gloves (worn)
 d - a +0 cloak
 w - a +2 cloak of preservation (worn)
Magical Staves
 G - an uncursed staff of cold
Jewellery
 h - an uncursed ring of teleportation
 m - an amulet of guardian spirit (around neck)
 q - a ring of wizardry (left hand)
 z - a +6 ring of dexterity (right hand)
 D - an uncursed ring of flight
Wands
 E - a wand of polymorph (9)
 F - a wand of enslavement (9)
Scrolls
 a - 2 scrolls of magic mapping
 b - 11 scrolls of remove curse
 e - 3 scrolls of enchant armour
 f - 2 scrolls of amnesia
 i - 2 scrolls of immolation
 k - a scroll of enchant weapon
 n - a scroll of random uselessness
 u - 4 scrolls of teleportation
 v - 2 scrolls of noise
 y - a scroll of vulnerability
 B - 2 scrolls of fog {unknown}
 I - a scroll of identify
 J - a scroll of blinking {unknown}
Potions
 g - a potion of brilliance
 j - a potion of berserk rage
 l - a potion of flight {unknown}
 o - 2 potions of heal wounds {unknown}
 p - a potion of ambrosia {unknown}
 r - 2 potions of mutation
 s - 6 potions of lignification
 t - 2 potions of attraction {unknown}
 x - a potion of haste
 A - a potion of cancellation
 C - a potion of resistance {unknown}


   Skills:
 * Level 9.8 Fighting
 - Level 1.7 Dodging
 * Level 9.8 Unarmed Combat
 * Level 9.8 Spellcasting
 * Level 10.1 Transmutations
 - Level 3.1 Ice Magic
 - Level 4.5 Poison Magic
 - Level 3.1 Evocations


You had 10 spell levels left.
You knew the following spells:

 Your Spells              Type           Power        Failure   Level
a - Beastly Appendage     Tmut           80%          1%          1
b - Wereblood             Tmut           40%          1%          2
c - Spider Form           Tmut/Pois      15%          1%          3
d - Blade Hands           Tmut           20%          1%          5
e - Ice Form              Ice/Tmut       29%          2%          4
f - Summon Ice Beast      Ice/Summ       12%          19%         4

Your spell library contained the following spells:

 Spells                   Type           Power        Failure   Level
 Summon Small Mammal      Summ           28%          4%          1
 Call Imp                 Summ           7%           6%          2
 Call Canine Familiar     Summ           7%           12%         3
 Summon Guardian Golem    Hex/Summ       7%           12%         3
 Summon Lightning Spire   Summ/Air       7%           34%         4
 Summon Forest            Summ/Tloc      3%           67%         5
 Disjunction              Tloc           3%           100%        8


Dungeon Overview and Level Annotations

Branches:
Dungeon (11/15)            Temple (1/1) D:4            Lair (0/6) D:10
    Orc (0/2) D:10

Altars:
Ashenzari
Cheibriados
Dithmenos
Elyvilon
Fedhas
Gozag
Hepliaklqana
Kikubaaqudgha
Makhleb
Nemelex Xobeh
Okawaru
Qazlal
Ru
Sif Muna
Trog
Uskayaw
Vehumet
Wu Jian
Xom
Yredelemnul
Zin
The Shining One
Beogh

Annotations:
D:4 2 runed translucent doors, exclusion: oklob plant, Dittersdorf's ghost, novice GrFi


Innate Abilities, Weirdness & Mutations

You can breathe bolts of dispelling energy.
Your rich purple scales are hard. (AC +7)
You cannot fit into any form of body armour.
You are cold-blooded and may be slowed by cold attacks.


Message History

Unknown command.
You hit the red ugly thing.
The red ugly thing is almost dead.
The red ugly thing bites you!
* * * LOW HITPOINT WARNING * * *
You are engulfed in flames!!
* * * LOW HITPOINT WARNING * * *
Unknown command.
You feel better.
The red ugly thing bites you but does no damage.
Okay, then.
A red film seems to cover your vision as you go berserk!
You feel yourself moving faster!
You feel mighty!
You feel less wooden.
Your +2 cloak of preservation unmelds from your body.
Your +1 pair of gloves unmelds from your body.
The red ugly thing bites you.
* * * LOW HITPOINT WARNING * * *
You are engulfed in flames!!
You die...

#.# #.## #..## # ##..# #
######'#### ## #.......Y.#
#.
#######.#.#################.
#......Y#.##................
#.#######Xu@.##############.
#....)).#### #. #.#.###.# #.
#. #.# #. ## #.# ## #.# ###


You could see a red ugly thing and a nameless horror.

Vanquished Creatures
  Fannar (D:10)
  Harold (D:9)
  An unseen horror (D:10)
  4 skeletal warriors (D:11)
  An ugly thing (D:11)
  3 komodo dragons (D:10)
  A troll (D:9)
  A wyvern (D:9)
  2 basilisks (D:10)
  18 yaks
  Grum (D:8)
  Menkaure (D:6)
  An acid dragon (D:10)
  A phantom (D:7)
  An ice beast (D:11)
  3 black bears
  5 orc warriors
  A necrophage (D:9)
  3 sky beasts
  5 ogres
  4 wolves (D:8)
  6 centaurs
  10 bullfrogs
  A gnoll sergeant (D:11)
  8 killer bees
  9 wights
  An electric eel (D:8)
  7 howler monkeys
  2 quasits
  A jelly (D:9)
  3 hounds
  9 orc priests
  Crazy Yiuf (D:6)
  2 bullfrog skeletons
  3 centaur skeletons
  14 orc wizards
  An iguana (D:8)
  6 worker ants
  A hound zombie (D:8)
  A howler monkey zombie (D:5)
  A howler monkey skeleton (D:10)
  14 gnolls
  14 adders
  2 shadow imps
  An ufetubus (D:5)
  An adder zombie (D:5)
  3 adder skeletons
  3 worms
  3 dart slugs
  5 leopard geckos
  45 orcs
  4 bats
  5 giant cockroaches
  10 hobgoblins
  4 jackals
  3 quokkas
  A ball python zombie (D:5)
  5 frilled lizards
  9 goblins
  A goblin zombie (D:8)
  A jackal skeleton (D:5)
  6 kobolds
  9 rats
  A rat zombie (D:8)
296 creatures vanquished.

Vanquished Creatures (others)
  30 plants (D:3)
30 creatures vanquished.

Grand Total: 326 creatures vanquished

Notes
Turn   | Place    | Note
-------+----------+-------------------------------------------
     0 | D:1      | dickylongcocking the Draconian Transmuter began the quest
                  | for the Orb.
     0 | D:1      | Reached XP level 1. HP: 16/16 MP: 3/3
   370 | D:1      | Reached XP level 2. HP: 22/23 MP: 3/5
  1338 | D:2      | Reached XP level 3. HP: 19/29 MP: 6/6
  1601 | D:2      | Learned a level 2 spell: Wereblood
  1945 | D:2      | Learned a level 3 spell: Spider Form
  1985 | D:2      | Reached XP level 4. HP: 9/37 MP: 3/7
  2672 | D:2      | Reached skill level 1 in Poison Magic
  3242 | D:3      | Reached XP level 5. HP: 31/42 MP: 1/8
  3706 | D:3      | Reached skill level 3 in Transmutations
  4309 | D:4      | Noticed an ogre
  4317 | D:4      | Killed an ogre
  4399 | D:4      | Found a runed translucent door.
  4410 | D:4      | Found a shadowy altar of Dithmenos.
  4413 | D:4      | Found a staircase to the Ecumenical Temple.
  4437 | Temple   | Entered the Ecumenical Temple
  4511 | Temple   | Became a worshipper of Makhleb the Destroyer
  4621 | D:4      | Noticed an orc warrior
  4625 | D:4      | Reached XP level 6. HP: 50/50 MP: 5/9
  4639 | D:4      | Killed an orc warrior
  4640 | D:4      | Reached skill level 4 in Transmutations
  5339 | D:4      | Found a blossoming altar of Fedhas.
  5361 | D:4      | Noticed an oklob plant
  5463 | D:4      | Found a runed translucent door.
  5463 | D:4      | Noticed Dittersdorf's ghost (novice GrFi)
  5601 | D:5      | Entered Level 5 of the Dungeon
  5729 | D:5      | Your scales start taking on a rich purple colour.
  5729 | D:5      | Reached XP level 7. HP: 32/56 MP: 2/10
  5749 | D:5      | Reached skill level 5 in Transmutations
  5795 | D:5      | Reached * piety under Makhleb
  6346 | D:4      | Found a glowing silver altar of Zin.
  6851 | D:5      | Reached skill level 5 in Unarmed Combat
  7058 | D:4      | Learned a level 5 spell: Blade Hands
  7063 | D:5      | Reached XP level 8. HP: 58/66 MP: 6/13
  7544 | D:6      | Reached skill level 6 in Transmutations
  7631 | D:6      | Found a stormy altar of Qazlal.
  8094 | D:6      | Found a runed translucent door.
  8095 | D:6      | Noticed Crazy Yiuf
  8179 | D:6      | Reached skill level 5 in Fighting
  8183 | D:6      | Reached skill level 5 in Spellcasting
  8510 | D:6      | Noticed Menkaure
  8516 | D:6      | Killed Menkaure
  8516 | D:6      | Reached ** piety under Makhleb
  8517 | D:6      | Reached XP level 9. HP: 42/74 MP: 5/17
  8767 | D:6      | Killed Crazy Yiuf
  9203 | D:7      | Found a glowing golden altar of the Shining One.
  9384 | D:7      | Reached skill level 7 in Transmutations
  9435 | D:7      | Found a basalt altar of Yredelemnul.
  9487 | D:7      | Reached skill level 1 in Evocations
 10421 | D:8      | Found a hide-covered altar of Uskayaw.
 10701 | D:8      | Reached XP level 10. HP: 62/84 MP: 9/20
 10839 | D:8      | Noticed Grum
 10848 | D:8      | Killed Grum
 10850 | D:8      | Reached skill level 8 in Transmutations
 11345 | D:8      | Reached *** piety under Makhleb
 11891 | D:9      | Noticed Harold
 11909 | D:9      | Killed Harold
 12726 | D:9      | Reached skill level 9 in Transmutations
 13328 | D:10     | Entered Level 10 of the Dungeon
 13376 | D:10     | Killed an unseen horror
 13377 | D:10     | Reached XP level 11. HP: 73/95 MP: 12/23
 13490 | D:10     | Reached **** piety under Makhleb
 13746 | D:10     | Found a staircase to the Orcish Mines.
 13784 | D:10     | Found a roughly hewn altar of Beogh.
 14278 | D:10     | Noticed Fannar
 14292 | D:10     | Killed Fannar
 14568 | D:10     | Learned a level 4 spell: Ice Form
 14794 | D:10     | Found a staircase to the Lair.
 14798 | D:10     | Reached skill level 1 in Ice Magic
 15147 | D:11     | Found a stormy altar of Qazlal.
 15150 | D:11     | Noticed a green ugly thing
 15168 | D:11     | Killed a green ugly thing
 15178 | D:11     | Identified the Compendium of Displaced Creation
 15344 | D:11     | Noticed a skeletal warrior
 15347 | D:11     | Noticed a skeletal warrior
 15347 | D:11     | Noticed a skeletal warrior
 15352 | D:11     | Killed a skeletal warrior
 15354 | D:11     | Noticed a skeletal warrior
 15357 | D:11     | Killed a skeletal warrior
 15362 | D:11     | Killed a skeletal warrior
 15372 | D:11     | Killed a skeletal warrior
 15373 | D:11     | Reached skill level 10 in Transmutations
 15858 | D:11     | Noticed a five-headed hydra
 16398 | D:11     | Learned a level 4 spell: Summon Ice Beast
 16715 | D:11     | Noticed a red ugly thing
 16743 | D:11     | Mangled by a red ugly thing

Illustrated notes

Levels and vault maps discovered:
D:1:      dpeg_arrival_rooms_c, layout_basic, minmay_misc_feat_alley,
          minmay_tromino_i4
D:2:      layout_loops_ring
D:3:      layout_loops_ring, chequers_jeans, serial_bayou_lagoon_a,
          hangedman_abyss_or_decor_stabs, minmay_crystal_room
D:4:      layout_cave_pools, lemuel_crystal_altar,
          nicolae_overflow_hidden_temple, minmay_temple_entry_statues_pillars,
          ebering_ghost_sewer_f, supply_closet_lemuel, tgw_fedhas
D:5:      layout_cave_pools
D:6:      layout_basic, nicolae_overflow_crystal_walls, lightli_corner_chamber,
          uniq_menkaure, uniq_crazy_yiuf_cottage
D:7:      layout_loops_cross, grunt_temple_overflow_holy_war, minmay_puff
D:8:      layout_basic, eat_drink_and_be_merry_uskayaw, enter_ossuary_4,
          kennysheep_generic_room_5, uniq_grum
D:9:      layout_long_grid, uniq_harold
D:10:     layout_loops_ring, erik_lair_dragon, minmay_orc_entry_temple_small,
          uniq_fannar
D:11:     layout_roguey, minmay_misc_feat_columns, chequers_mini_garden,
          grunt_qazlal_sundering
Temple:   compressed_dpeg_circular_temple

Skill      XL: |  1  2  3  4  5  6  7  8  9 10 11 |
---------------+----------------------------------+-----
Unarmed Combat | 4 5 6 7 8 9 |  9.8
Fighting       | 2 3 5 6 8 9 |  9.8
Poison Magic   | 1 3 4 |  4.5
Transmutations | 3 4 5 6 7 9 10 | 10.1
Spellcasting   | 3 5 6 8 9 |  9.8
Evocations     | 3 |  3.1
Ice Magic      | 3 |  3.1
Dodging        | |  1.7

Action                   |  1- 3 |  4- 6 |  7- 9 | 10-12 || total
-------------------------+-------+-------+-------+-------++-------
Melee: Unarmed           |   112 |   184 |   253 |   328 ||   877
       Tailslap          |    11 |     5 |    25 |    26 ||    67
       Kick              |    11 |       |       |       ||    11
       Punch             |     4 |     2 |     3 |    14 ||    23
       Headbutt          |     2 |       |       |       ||     2
       Staff             |       |       |       |     5 ||     5
 Cast: Beastly Appendage |    17 |       |       |       ||    17
       Wereblood         |     3 |       |       |       ||     3
       Spider Form       |     1 |    23 |    11 |     1 ||    36
       Blade Hands       |       |       |    32 |    45 ||    77
       Summon Ice Beast  |       |       |       |     9 ||     9
       Ice Form          |       |       |       |     4 ||     4
 Abil: Breathe Dispellin |       |       |     5 |     3 ||     8
Evoke: Wand              |       |       |     5 |     2 ||     7
  Use: Scroll            |     3 |       |     1 |    11 ||    15
       Potion            |       |       |     3 |     9 ||    12
 Stab: Sleeping          |       |     2 |       |     1 ||     3
       Distracted        |       |       |     1 |       ||     1
       Invisible         |       |       |     1 |       ||     1
Armor: Skin              |    28 |    27 |    70 |   216 ||   341
Dodge: Dodged            |    65 |   193 |   228 |   226 ||   712

Table legend: (Time is in decaauts)
 A = Elapsed time spent in this place.
 B = Non-inter-level travel time spent in this place.
 C = Inter-level travel time spent in this place.
 D = Time resting spent in this place.
 E = Time spent auto-exploring this place.
 F = Levels seen in this place.
 G = Mean time per level.
                   A        B        C        D        E       F      G
               +--------+--------+--------+--------+--------+-----+--------+
         Total |  16653 |  16307 |    346 |   2465 |  11653 |  12 | 1387.8 |
       Dungeon |  16552 |  16232 |    320 |   2465 |  11589 |  11 | 1504.7 |
        Temple |    100 |     75 |     25 |      0 |     64 |   1 |  100.0 |
               +--------+--------+--------+--------+--------+-----+--------+

Top non-repeatable levels by time:
     D:2: 1793 daAuts
    D:10: 1713 daAuts
    D:11: 1669 daAuts
     D:9: 1628 daAuts
     D:6: 1590 daAuts
     D:8: 1520 daAuts
     D:4: 1432 daAuts
     D:3: 1398 daAuts
     D:1: 1320 daAuts
     D:7: 1243 daAuts
     D:5: 1241 daAuts
  Temple: 100 daAuts
